 Dungeon Crawl Stone Soup version 0.31.0-1-g2c135a008e (webtiles) character file.

Game seed: 12409668756737492076

411 qw the Shooter (level 7, -1/52 HPs)
             Began as a Djinni Hunter on Jan 23, 2024.
             Splashed by a jelly's acid (6 damage)
             ... on level 5 of the Dungeon.
             The game lasted 00:00:15 (3169 turns).

qw the Shooter (Djinni Hunter)                      Turns: 3169, Time: 00:00:15

Health: -1/52      AC: -5    Str: 16    XL:     7   Next: 14%
Gold:   198        EV: 12    Int: 10    God:
                   SH:  0    Dex: 19

rFire   + + .        a - +2 shortbow
rCold   x . .        (shield currently unavailable)
rNeg    + . .        b - +0 ring mail
rPois   inf          (no helmet)
rElec   .            (no cloak)
rCorr   .            d - +0 pair of gloves
SInv    .            (boots unavailable)
Will    .....        (no amulet)
Stlth   +            e - ring of positive energy
HPRegen 0.28/turn    h - +6 ring of strength
MPRegen 0.00/turn

%: infuse magic (-2 HP)
@: corroded, flying
A: sickness immunity, fire resistance 2, cold vulnerability 1, float, innate
caster, HP casting, extra vitality 1
a: no special abilities


You were on level 5 of the Dungeon.
You visited 1 branch of the dungeon, and saw 5 of its levels.

You collected 198 gold pieces.


Innate Abilities, Weirdness & Mutations

You are immune to sickness and miasma.
You are immune to poison.
Your flesh is very heat resistant. (rF++)
You are vulnerable to cold. (rC-)
You float through the air rather than walking.
You learn spells naturally, not from books.
Your magical power is your life essence.
You have superior vitality. (+4 MHP)


   Skills:
 - Level 4.0 Fighting
 + Level 5.5 Ranged Weapons
 - Level 1.0 Armour
 - Level 3.0 Dodging
 - Level 0.7 Stealth


You knew the following spells:

 Your Spells              Type           Power      Damage    Failure   Level
a - Kiss of Death         Conj/Necr      0%         2d5       58%         1
b - Momentum Strike       Conj/Tloc      0%         3d8       73%         2
c - Blink                 Tloc           0%         N/A       73%         2
Your spell library was empty.

Inventory:

Hand Weapons
 a - a +2 shortbow (weapon)
Armour
 b - a +0 ring mail (worn)
 d - a +0 pair of gloves (worn)
Jewellery
 e - a ring of positive energy (left hand)
 h - a +6 ring of strength (right hand)
Wands
 f - a wand of roots (11)
 i - a wand of flame (9)
Potions
 c - a potion of magic {unknown}
 j - a potion of invisibility {unknown}

Dungeon Overview and Level Annotations

Branches:
Dungeon (5/15)
 Temple: D:4-7

Altars:
Ashenzari
Trog

Shops:
D:5 (


Message History

The scorpion stings you.
Enter note:
3160 ||| RETREEEEATING.
The jelly jiggles.
The sky beast flickers out of sight!
Deactivating autopickup; reactivate with Ctrl-A.
Enter note:
3161 ||| RETREEEEATING.
The jelly attacks as it pursues you! The jelly completely misses you.
Enter note:
3162 ||| RETREEEEATING.
A sky beast appears from thin air!
Reactivating autopickup.
Enter note:
3163 ||| RETREEEEATING.
Enter note:
3164 ||| RETREEEEATING.
The jelly attacks as it pursues you! The jelly closely misses you.
The scorpion attacks as it pursues you! The scorpion closely misses you.
Enter note:
3165 ||| RETREEEEATING.
The jelly attacks as it pursues you! The jelly hits you. The acid corrodes you!
You are splashed with acid.
Enter note:
3166 ||| RETREEEEATING.
The jelly attacks as it pursues you! The jelly hits you. The acid corrodes you!
You are splashed with acid.
You shoot an arrow.
The arrow hits the jelly but does no damage.
The jelly hits you.
You are splashed with acid!
You shoot an arrow. The arrow hits the jelly.
The jelly is lightly wounded.
The jelly hits you. The acid corrodes you!
You are splashed with acid.
The sky beast flickers out of sight!
Deactivating autopickup; reactivate with Ctrl-A.
You shoot an arrow.
The arrow hits the jelly but does no damage.
The jelly is lightly wounded.
The jelly closely misses you. The jelly hits you.
You are splashed with acid.
You die...

#....###.### #...# #....#
#...# #...# ###.## ###.#
#...# #.# #.#####...#########
#.# #................[# #.#
#######.g..#.........# #.#
#....^.{g....g.......### #.#
#...###J#...####........ #.#
#.#.# #@#.....##.##.....
#.###.8.###.#..##..#)# ....
#.#.......#.#........# ...
###.8.>.\.<.8.#.######...s...
#...........#.#.. ..#.....
#....#..8####.#.. #.#.g...
#........+ ..#.. #.# ....
#........# .....# #.#


gJ.. #........# #. ..# ... You could see a jelly and 2 gnolls.

Vanquished Creatures
  A phantom (D:3)
  A scorpion (D:4)
  A bombardier beetle (D:4)
  2 hounds
  5 gnolls
  4 adders
  A ribbon worm (D:4)
  5 orcs
  8 ball pythons
  11 endoplasms
  6 giant cockroaches
  8 goblins
  11 hobgoblins
  3 jackals
  5 kobolds
  3 quokkas
  5 bats
  A frilled lizard (D:1)
  6 rats
87 creatures vanquished.

Notes
Turn   | Place    | Note
-------+----------+-------------------------------------------
     0 | D:1      | qw the Djinni Hunter began the quest for the Orb.
     0 | D:1      | Reached XP level 1. HP: 18/18 MP: 0/0
     0 | D:1      | 0 ||| qw: Version: 0.3-a-135-gb77e89d
     0 | D:1      | 0 ||| qw: Game counter: 798
     0 | D:1      | 0 ||| qw: Melee chars always use a shield: true
     0 | D:1      | 0 ||| qw: God list: Okawaru
     0 | D:1      | 0 ||| qw: Allow faded altars: false
     0 | D:1      | 0 ||| qw: Do Orc after clearing Dungeon:15 true
     0 | D:1      | 0 ||| qw: Do second Lair branch before Depths: true
     0 | D:1      | 0 ||| qw: Lair rune preference: random
     0 | D:1      | 0 ||| qw: Goals: Normal
     0 | D:1      | 0 ||| PLANNING D:1-11
    66 | D:1      | Reached XP level 2. HP: 23/23 MP: 0/0
   121 | D:1      | HP: 4/23 [frozen (4)]
   268 | D:1      | Reached XP level 3. HP: 28/28 MP: 0/0
   268 | D:1      | Learned a level 1 spell: Kiss of Death
   276 | D:1      | Reached skill level 4 in Ranged Weapons
   509 | D:1      | 509 ||| UPGRADING to ring of positive energy.
   510 | D:1      | 510 ||| READING scroll labelled DYUNGY WYINAOTI.
   611 | D:1      | 611 ||| READING scroll labelled TAJADW KYLA.
   612 | D:1      | 612 ||| READING scroll labelled OKLEKI CECY.
   612 | D:1      | 612 ||| IDENTIFYING scroll labelled BOF XUFENOSCH
   613 | D:1      | 613 ||| DROPPING scroll of butterflies.
   614 | D:1      | 614 ||| DROPPING scroll of amnesia.
   643 | D:2      | 643 ||| STAIRDANCE
   947 | D:2      | Reached XP level 4. HP: 34/34 MP: 0/0
   981 | D:2      | Reached skill level 3 in Fighting
  1305 | D:2      | 1305 ||| UPGRADING to +0 ring mail.
  1315 | D:2      | 1315 ||| DROPPING +0 leather armour.
  1316 | D:2      | 1316 ||| UPGRADING to +0 pair of gloves.
  1321 | D:2      | 1321 ||| UPGRADING to +6 ring of strength.
  1322 | D:2      | 1322 ||| READING scroll labelled XOLIOSIKKY.
  1323 | D:2      | 1323 ||| READING 2 scrolls labelled DICASAA OLOR.
  1323 | D:2      | 1323 ||| ENCHANTING +0 shortbow.
  1324 | D:2      | 1324 ||| READING scroll of enchant weapon.
  1324 | D:2      | 1324 ||| ENCHANTING +1 shortbow.
  1530 | D:3      | Reached skill level 1 in Armour
  1810 | D:3      | Reached skill level 3 in Dodging
  1943 | D:3      | Reached XP level 5. HP: 37/40 MP: 0/0
  1943 | D:3      | Learned a level 2 spell: Momentum Strike
  2311 | D:3      | 2311 ||| READING scroll of identify.
  2311 | D:3      | 2311 ||| IDENTIFYING purple potion
  2312 | D:3      | 2312 ||| DRINKING 2 red potions.
  2313 | D:3      | 2313 ||| DROPPING potion of attraction.
  2314 | D:3      | 2314 ||| DROPPING potion of ambrosia.
  2329 | D:4      | 2329 ||| STAIRDANCE
  2334 | D:4      | Noticed a phantom
  2339 | D:4      | 2339 ||| STAIRDANCE
  2353 | D:3      | Killed a phantom
  2353 | D:3      | HP: 9/40 [hound (4)]
  2355 | D:3      | Reached XP level 6. HP: 10/46 MP: 0/0
  2357 | D:3      | HP: 2/46 [gnoll/+0 club (3)]
  2361 | D:3      | Reached skill level 5 in Ranged Weapons
  2527 | D:4      | 2527 ||| STAIRDANCE
  2848 | D:4      | Found a bloodstained altar of Trog.
  2871 | D:4      | Found a broken altar of Ashenzari.
  2997 | D:4      | 2997 ||| READING scroll labelled AMAOSUAQEBB.
  3016 | D:5      | Entered Level 5 of the Dungeon
  3079 | D:5      | Found Zofout's Weapon Shoppe.
  3085 | D:5      | Reached XP level 7. HP: 52/52 MP: 0/0
  3085 | D:5      | Learned a level 2 spell: Blink
  3145 | D:5      | 3145 ||| RETREEEEATING.
  3146 | D:5      | 3146 ||| RETREEEEATING.
  3156 | D:5      | 3156 ||| RETREEEEATING.
  3157 | D:5      | 3157 ||| RETREEEEATING.
  3158 | D:5      | 3158 ||| RETREEEEATING.
  3159 | D:5      | 3159 ||| RETREEEEATING.
  3160 | D:5      | 3160 ||| RETREEEEATING.
  3161 | D:5      | 3161 ||| RETREEEEATING.
  3162 | D:5      | 3162 ||| RETREEEEATING.
  3163 | D:5      | 3163 ||| RETREEEEATING.
  3164 | D:5      | 3164 ||| RETREEEEATING.
  3165 | D:5      | 3165 ||| RETREEEEATING.
  3166 | D:5      | 3166 ||| RETREEEEATING.
  3167 | D:5      | HP: 13/52 [acid (8)]
  3168 | D:5      | HP: 6/52 [acid (5)]
  3169 | D:5      | Splashed by a jelly's acid

Levels and vault maps discovered:
D:1:      ebering_hopf_link, layout_rooms, minmay_distorted
D:2:      layout_basic, chequers_mini_garden
D:3:      layout_basic
D:4:      layout_cave_pools, mainiacjoe_overflow_big_doors
D:5:      layout_basic, nicolae_stop_n_shop_2

Skill      XL: |  1  2  3  4  5  6 |
---------------+-------------------+-----
Ranged Weapons | 4 5 |  5.5
Fighting       | 3 4 |  4.0
Armour         | 1 |  1.0
Dodging        | 3 |  3.0
Stealth        | |  0.7

Action                     |  1- 3 |  4- 6 |  7- 9 || total
---------------------------+-------+-------+-------++-------
   Fire: Shortbow          |   115 |   160 |    16 ||   291
    Use: Scroll            |     3 |     5 |       ||     8
         Potion            |       |     1 |       ||     1
 Armour: Leather armour    |    26 |       |       ||    26
         Ring mail         |       |    74 |    15 ||    89
  Dodge: Dodged            |    47 |    66 |    11 ||   124

Table legend:
 A = Non-vault XP
 B = Vault XP
 C = Vault XP percentage of total XP
 D = Non-vault monster count
 E = Vault monster count
 F = Vault count percentage of total count
                 A         B        C        D         E       F
            +---------+---------+-------+---------+---------+-------
      Total |     583 |       5 |   0.9 |      84 |       3 |   3.4
            +---------+---------+-------+---------+---------+-------
        D:1 |      37 |       5 |  11.9 |      22 |       3 |  12.0
        D:2 |      50 |       0 |   0.0 |      16 |       0 |   0.0
        D:3 |     216 |       0 |   0.0 |      22 |       0 |   0.0
        D:4 |     197 |       0 |   0.0 |      20 |       0 |   0.0
        D:5 |      83 |       0 |   0.0 |       4 |       0 |   0.0
            +---------+---------+-------+---------+---------+-------
